 Dungeon Crawl Stone Soup version 0.24-a0-312-g16217b4a02 (webtiles) character file.

Game seed: 600141035319754466

801 Roikka the Grave Robber (level 7, -3/35 HPs)
             Began as a Vine Stalker Necromancer on May 15, 2019.
             Was an Initiate of Nemelex Xobeh.
             Slain by a sky beast (4 damage)
             ... on level 6 of the Dungeon.
             The game lasted 00:24:32 (6140 turns).

Roikka the Grave Robber (Vine Stalker Necromancer)  Turns: 6140, Time: 00:24:32

Health: -3/35      AC:  6    Str: 11    XL:     7   Next: 90%
Magic:  0/14       EV: 10    Int: 17    God:    Nemelex Xobeh [......]
Gold:   256        SH:  0    Dex: 14    Spells: 2/14 levels left

rFire    . . .     SeeInvis .     - Unarmed
rCold    . . .     Gourm    .   (no shield)
rNeg     . . .     Faith    .   d - +0 ring mail
rPois    .         Spirit   +   (no helmet)
rElec    .         Reflect  .   m - +0 cloak
rCorr    .         Harm     .   (no gloves)
MR       .....                  (no boots)
Stlth    ++........             (no amulet)
HPRegen  0.51/turn              (no ring)
MPRegen  0.14/turn              (no ring)

@: no status effects
A: fangs 2, regeneration 1, magic shield, antimagic bite, no potion heal 3, rot
immunity
a: Draw Escape, Draw Destruction, Draw Summoning, Renounce Religion


You were on level 6 of the Dungeon.
You worshipped Nemelex Xobeh.
Nemelex Xobeh was noncommittal.
You were not hungry.

You visited 2 branches of the dungeon, and saw 7 of its levels.

You collected 256 gold pieces.

Inventory:

Armour
 a - a +0 robe
 d - a +0 ring mail (worn)
 m - a +0 cloak (worn)
Wands
 l - a wand of flame (13)
 p - a wand of polymorph (10)
 u - a wand of digging (8)
Scrolls
 b - a scroll of teleportation
 e - 5 scrolls of identify
 f - a scroll of immolation {unknown}
 g - 2 scrolls of amnesia {unknown}
 h - 4 scrolls of remove curse {unknown}
 o - a scroll of magic mapping {unknown}
 s - 3 scrolls of blinking {unknown}
 t - a scroll of random uselessness {unknown}
Potions
 j - 2 potions of curing {unknown}
 k - a potion of flight {unknown}
 n - a potion of mutation {unknown}
 q - a potion of lignification {unknown}
 r - a potion of cancellation {unknown}
 v - a potion of resistance {unknown}
Comestibles
 c - 13 rations
 i - 12 chunks of flesh


   Skills:
 - Level 2.0 Fighting
 + Level 2.9 Armour
 - Level 1.5 Dodging
 - Level 3.0 Stealth
 + Level 3.5 Unarmed Combat
 - Level 4.0 Spellcasting
 * Level 6.2 Necromancy


You had 2 spell levels left.
You knew the following spells:

 Your Spells              Type           Power        Failure   Level  Hunger
a - Pain                  Necr           ###.         2%          1    None
b - Animate Skeleton      Necr           N/A          2%          1    None
c - Vampiric Draining     Necr           ###.......   9%          3    ###....
d - Regeneration          Chrm/Necr      ##........   30%         3    ###....
e - Animate Dead          Necr           N/A          26%         4    ####...

Your spell library contained the following spells:

 Spells                   Type           Power        Failure   Level  Hunger


Dungeon Overview and Level Annotations

Branches:
Dungeon (6/15)             Temple (1/1) D:6

Altars:
Ashenzari
Cheibriados
Dithmenos
Fedhas
Gozag
Nemelex Xobeh
Ru
Sif Muna
Trog
Uskayaw
Vehumet
Wu Jian
Yredelemnul
Zin

Shops:
D:6 =

Annotations:
D:5 Grinder


Innate Abilities, Weirdness & Mutations

You have extremely sharp teeth.
Your natural rate of healing is unusually fast.
When hurt, damage is shared between your health and your magic reserves.
Your bite disrupts and absorbs the magic of your enemies.
Potions cannot restore your health.
You are immune to rotting.


Message History

Aim: a black bear (severely wounded)
You kill the black bear!
You feel life coursing into your body.
The centaur shoots an arrow.
The arrow closely misses you.
You closely miss something.
The centaur shoots an arrow.
The arrow hits you!
* * * LOW HITPOINT WARNING * * *
The crimson imp blinks!
Something hits you but does no damage.
Unknown command.
You hit something.
The centaur shoots an arrow.
The arrow closely misses you.
A sky beast appears from thin air!
Reactivating autopickup.
The sky beast hits you.
* * * LOW HITPOINT WARNING * * *
The sky beast shocks you.
* * * LOW HITPOINT WARNING * * *
Your ring mail prevents you from hitting the sky beast.
The sky beast is lightly wounded.
The sky beast hits you.
You die...
Your body disappears without a glow.

#.....[....ZZ# #.# #.#
#.############ #.# #.#
#.# #.# #.# #.# #.#
#.# #.# #.# # #.# #.#
#.###########.#####.#
#.cY@....(.#........#
#ยง.#######.#..#######
#.. #..)........ ....
########.........
.....
.........#.#.#.#.
#.#.#.
.#######.........
....... #.#.#.#.#.
##{#.#. #.........
..#.#.#.#.


You could see a sky beast and a centaur.

Vanquished Creatures
  2 black bears (D:6)
  A centaur zombie (D:6)
  A hound (D:4)
  3 jellies (D:6)
  Crazy Yiuf (D:2)
  2 orc wizards
  A bullfrog skeleton (D:6)
  Jessica (D:3)
  An iguana (D:6)
  2 worker ants
  A hound skeleton (D:4)
  A gnoll (D:1)
  8 adders
  2 oozes
  An adder skeleton (D:6)
  A worm (D:2)
  5 dart slugs
  3 leopard geckos
  9 orcs
  A ball python (D:1)
  4 giant cockroaches
  9 goblins
  5 hobgoblins
  6 jackals (D:4)
  3 kobolds
  A quokka (D:3)
  10 bats
  6 frilled lizards
  10 rats
101 creatures vanquished.

Vanquished Creatures (collateral kills)
  A bullfrog zombie (D:6)
  A centaur skeleton (D:6)
  2 adders
  A worm (D:2)
  3 hobgoblins (D:2)
  A jackal (D:4)
  A kobold (D:2)
  A quokka (D:4)
  3 goblins
  A rat (D:2)
15 creatures vanquished.

Grand Total: 116 creatures vanquished

Notes
Turn   | Place    | Note
-------+----------+-------------------------------------------
     0 | D:1      | Roikka the Vine Stalker Necromancer began the quest for the
                  | Orb.
     0 | D:1      | Reached XP level 1. HP: 9/9 MP: 4/4
     2 | D:1      | Learned a level 1 spell: Animate Skeleton
   297 | D:1      | Reached XP level 2. HP: 9/13 MP: 3/6
   845 | D:1      | Reached XP level 3. HP: 16/16 MP: 7/7
  1486 | D:1      | Reached skill level 1 in Armour
  2306 | D:2      | Learned a level 3 spell: Vampiric Draining
  2345 | D:2      | Reached skill level 1 in Unarmed Combat
  2345 | D:2      | Gained mutation: Your natural rate of healing is unusually
                  | fast. [Vine Stalker growth]
  2345 | D:2      | Reached XP level 4. HP: 19/21 MP: 5/9
  2924 | D:2      | Learned a level 3 spell: Regeneration
  3041 | D:2      | Found a runed translucent door.
  3042 | D:2      | Noticed Crazy Yiuf
  3050 | D:2      | Killed Crazy Yiuf
  3050 | D:2      | Reached XP level 5. HP: 23/25 MP: 4/10
  3763 | D:3      | Reached skill level 1 in Fighting
  3763 | D:3      | Reached skill level 5 in Necromancy
  4231 | D:3      | Found a sparkling altar of Nemelex Xobeh.
  4231 | D:3      | Noticed Jessica
  4242 | D:3      | Killed Jessica
  4242 | D:3      | Reached XP level 6. HP: 28/30 MP: 12/12
  4400 | D:4      | Found a hide-covered altar of Uskayaw.
  4407 | D:4      | Noticed a phantom
  4430 | D:5      | Entered Level 5 of the Dungeon
  5248 | D:5      | Noticed Grinder
  5318 | D:6      | Noticed a black bear
  5334 | D:6      | Killed a black bear
  5358 | D:6      | Reached XP level 7. HP: 25/34 MP: 4/13
  5512 | D:6      | Learned a level 4 spell: Animate Dead
  5666 | D:6      | Found a staircase to the Ecumenical Temple.
  5677 | Temple   | Entered the Ecumenical Temple
  5745 | Temple   | Became a worshipper of Nemelex Xobeh the Trickster
  5859 | D:6      | Found Firuamur's Jewellery Emporium.
  6128 | D:6      | Reached skill level 6 in Necromancy
  6139 | D:6      | HP: 1/35 [sky beast (5)]
  6140 | D:6      | Slain by a sky beast

Levels and vault maps discovered:
D:1:      dpeg_arrival_signposts, layout_basic
D:2:      layout_loops_corners, minmay_pentomino_s2, uniq_crazy_yiuf_cottage
D:3:      layout_loops_cross, first_ration, minmay_misc_feat_tower,
          nemelex_lonely_heart_becter
D:4:      layout_cave_pools, overflow_temple_1_default
D:5:      layout_rooms, grunt_qazlal_sundering, ebering_ghost_reflecting_pool,
          serial_shops, shop, kennysheep_generic_room_7, uniq_grinder
D:6:      layout_basic, minmay_temple_entry_antechambers, serial_shops,
          nicolae_shop_crystal, serial_glass, glass_columns_b, glass_columns_a,
          glass_columns_c, glass_columns_b, glass_columns_a, glass_columns_b,
          glass_columns_b, glass_columns_c, hangedman_abyss_or_decor_stabs
Temple:   cyrus_circular_temple

Skill      XL: |  1  2  3  4  5  6  7 |
---------------+----------------------+-----
Stealth        | 3 |  3.0
Armour         | 1 2 |  2.9
Unarmed Combat | 1 2 3 |  3.5
Spellcasting   | 3 4 |  4.0
Fighting       | 1 2 |  2.0
Necromancy     | 5 6 |  6.2
Dodging        | |  1.5

Action                   |  1- 3 |  4- 6 |  7- 9 || total
-------------------------+-------+-------+-------++-------
Melee: Unarmed           |    88 |   174 |    57 ||   319
       Bite              |    17 |    40 |    16 ||    73
       Punch             |       |     1 |     1 ||     2
 Cast: Pain              |    35 |    72 |    35 ||   142
       Animate Skeleton  |       |    30 |     5 ||    35
       Vampiric Draining |       |     2 |     4 ||     6
  Use: Scroll            |       |     2 |       ||     2
 Stab: Sleeping          |     5 |     8 |     1 ||    14
       Distracted        |       |     1 |       ||     1
  Eat: Chunk             |     2 |     9 |     3 ||    14
       Ration            |     1 |       |       ||     1
Armor: Ring mail         |    55 |    15 |    25 ||    95
       Robe              |     4 |    46 |       ||    50
Dodge: Dodged            |    88 |   142 |    42 ||   272

Table legend:
 A = Non-vault XP
 B = Vault XP
 C = Vault XP percentage of total XP
 D = Non-vault monster count
 E = Vault monster count
 F = Vault count percentage of total count
                 A         B        C        D         E       F
            +---------+---------+-------+---------+---------+-------
      Total |    1064 |      81 |   7.1 |     112 |       4 |   3.4
            +---------+---------+-------+---------+---------+-------
        D:1 |      68 |       0 |   0.0 |      24 |       0 |   0.0
        D:2 |      89 |      44 |  33.1 |      26 |       3 |  10.3
        D:3 |     107 |      37 |  25.7 |      22 |       1 |   4.3
        D:4 |     138 |       0 |   0.0 |      17 |       0 |   0.0
        D:5 |       5 |       0 |   0.0 |       3 |       0 |   0.0
        D:6 |     657 |       0 |   0.0 |      20 |       0 |   0.0
            +---------+---------+-------+---------+---------+-------
